 Dungeon Crawl Stone Soup version 0.18.1-48-g4cf74bf (webtiles) character file.

118 FrancescoMac the Twirler (level 4, -2/60 HPs)
             Began as a Minotaur Gladiator on July 3, 2016.
             Slain by an iguana (8 damage)
             ... on level 3 of the Dungeon.
             The game lasted 00:04:16 (1474 turns).

FrancescoMac the Twirler (Minotaur Gladiator)       Turns: 1474, Time: 00:04:17

Health: -2/60      AC: 22    Str: 19    XL:     4   Next: 72%
Magic:  3/3        EV:  2    Int:  5    God:    Xom [......]
Gold:   108        SH:  0    Dex: 12    Spells: 0 memorised, 3 levels left

rFire  . . .     SeeInvis .     a - +0 quarterstaff
rCold  . . .     Gourm    .     (armour currently unavailable)
rNeg   + + +     Faith    .     (shield currently unavailable)
rPois  +         Spirit   .     (helmet currently unavailable)
rElec  .         Dismiss  .     (cloak currently unavailable)
rCorr  .         Reflect  .     (gloves currently unavailable)
SustAt .         Harm     .     (boots currently unavailable)
MR     .....     NoTele   +     (no amulet)
Stlth  +.........               (no ring)
                                (no ring)

@: lethally poisoned (-2 -> -4), tree-form, drained, not resistant to hostile
enchantments, very unstealthy
A: (retaliatory headbutt), (horns 0)
a: Renounce Religion


You were on level 3 of the Dungeon.
You worshipped Xom.
You were a very special plaything of Xom.
You were not hungry.
You were a tree.
You visited 1 branch of the dungeon, and saw 3 of its levels.

You collected 108 gold pieces.

Inventory:

Hand Weapons
 a - a +0 quarterstaff (weapon)
Missiles
 d - 3 throwing nets (quivered)
Armour
 b - a +1 leather armour (melded)
 c - a +0 hat (melded)
 i - a cursed +0 pair of boots (melded)
Scrolls
 l - 2 scrolls of recharging
 m - a scroll of immolation {unknown}
 o - a scroll of noise {unknown}
 p - a scroll of magic mapping {unknown}
 q - a scroll of fear {unknown}
 r - a scroll of remove curse {unknown}
 s - a scroll of fog {unknown}
Potions
 e - a potion of degeneration {unknown}
 h - a potion of berserk rage {unknown}
 n - a potion of ambrosia {unknown}
 t - a potion of flight {unknown}
Comestibles
 f - 2 bread rations
 g - a meat ration
 j - 3 chunks of flesh


   Skills:
 + Level 3.9(2.9) Fighting
 + Level 5.0(3.9) Staves
 - Level 2.0(1.0) Throwing
 + Level 4.2(3.1) Dodging


You had 3 spell levels left.
You didn't know any spells.

Dungeon Overview and Level Annotations

Branches:
Dungeon (3/15)

Altars:
Xom
The Shining One


Innate Abilities, Weirdness & Mutations

((You reflexively headbutt those who attack you in melee.))
((You have a pair of horns on your head.))


Message History

You feel sick. The iguana bites you.
* * * LOW HITPOINT WARNING * * *
You are too injured to fight recklessly!
You are too injured to fight recklessly!
You are too injured to fight recklessly!
You are too injured to fight recklessly!
Drink which item? (? for menu, Esc to quit)
You turn into a tree.
Your +0 hat melds into your body.
Your cursed +0 pair of boots melds into your body.
Your +1 leather armour melds into your body.
Your roots penetrate the ground.
The iguana bites you but does no damage.
You completely miss the iguana.
You feel sick.
The giant newt bites you but does no damage.
The iguana bites you.
* * * LOW HITPOINT WARNING * * *
The giant newt bites you but does no damage.
You hit the iguana but do no damage.
You feel sick. The iguana bites you!
You die...
Xom giggles madly!

.##### ### #..... #
#!. ...<. $# #.# #...
..# ###### #.#
#..#...#
......##l###... ..#
......l♣.(##.# ..#
#####.†....<.##..###.
####.............
#%.........###
#..#######.# #.!# #
#..# #... ..##


You could see an iguana and a giant newt.

Vanquished Creatures
  Ijyb (D:2)
  5 adders
  2 oozes
  3 worms (D:2)
  3 giant geckos (D:1)
  A giant cockroach (D:1)
  3 goblins
  2 hobgoblins (D:1)
  A ball python (D:2)
  A bat (D:2)
  2 giant newts (D:2)
  5 kobolds
  6 rats
35 creatures vanquished.

Notes
Turn   | Place    | Note
--------------------------------------------------------------
     0 | D:1      | FrancescoMac the Minotaur Gladiator began the quest for the Orb.
     0 | D:1      | Reached XP level 1. HP: 18/18 MP: 0/0
   230 | D:1      | Reached XP level 2. HP: 23/25 MP: 1/1
   325 | D:1      | Found a shimmering altar of Xom.
   338 | D:1      | Became a worshipper of Xom of Unknown Intention
   341 | D:1      | Reached skill level 4 in Staves
   405 | D:1      | XOM: potion effect (agility)
   665 | D:2      | Reached XP level 3. HP: 31/31 MP: 2/2
   673 | D:2      | XOM: mild Pois miscast
   684 | D:2      | XOM: scenery: 1 doors open
   721 | D:2      | Found a glowing golden altar of the Shining One.
   770 | D:2      | Noticed Ijyb
   777 | D:2      | XOM: enchant monster (bad)
   780 | D:2      | Killed Ijyb
   780 | D:2      | Reached XP level 4. HP: 29/39 MP: 3/3
   977 | D:2      | XOM is BORED!
   977 | D:2      | XOM: mild Ice miscast
  1299 | D:2      | XOM: draining
  1432 | D:2      | XOM: medium Summ miscast
  1433 | D:2      | Noticed an orange demon
  1456 | D:3      | Reached skill level 5 in Staves
  1474 | D:3      | Slain by an iguana

Skill      XL: |  1  2  3  4 |
---------------+-------------+-----
Staves         | 4 5 |  5.0
Fighting       | 3 |  3.9
Dodging        | 4 |  4.2
Throwing       | |  2.0

Action                   |  1- 3 |  4- 6 || total
-------------------------+-------+-------++-------
Melee: Quarterstaff      |    51 |    30 ||    81
       Headbutt          |    13 |     3 ||    16
  Use: Scroll            |     3 |       ||     3
       Potion            |     2 |     1 ||     3
 Stab: Sleeping          |     2 |     1 ||     3
  Eat: Chunk             |       |     2 ||     2
Armor: Leather armour    |    13 |     5 ||    18
       Skin              |       |     3 ||     3
Dodge: Dodged            |    29 |    13 ||    42
